 Dungeon Crawl Stone Soup version 0.30-a0-553-g7fabdf1491 (webtiles) character file.

Game seed: 3544038172353719709

2874 Zonian the Thaumaturge (level 9, -2/45 HPs)
             Began as a Deep Elf Ice Elementalist on Dec 26, 2022.
             Was an Initiate of Gozag.
             Killed from afar by an acid dragon (10 damage)
             ... with a splash of acid
             ... on level 8 of the Dungeon.
             The game lasted 00:22:33 (11245 turns).

Zonian the Thaumaturge (Deep Elf Ice Elementalist) Turns: 11245, Time: 00:22:34

Health: -2/45      AC:  7    Str:  2    XL:     9   Next: 47%
Magic:  20/24      EV: 15    Int: 25    God:    Gozag
Gold:   895        SH:  5    Dex: 21    Spells: 15/26 levels left

rFire   x . .      SeeInvis .    x - +1 sling "Ogre's Bane" {freeze, rElec rPois Str-3}
rCold   + . .      Faith    .    q - +1 buckler
rNeg    . . .      Spirit   .    a - +0 robe
rPois   +          Reflect  .    v - +2 helmet
rElec   +          Harm     .    (no cloak)
rCorr   .          Rampage  .    (no gloves)
Will    .....                    (no boots)
Stlth   +++                      (no amulet)
HPRegen 0.27/turn                g - +6 ring of dexterity
MPRegen 0.19/turn                k - ring of ice

@: ice-armoured, corroded, freezing walls
A: no striking features
a: Renounce Religion, Potion Petition, Call Merchant, Bribe Branch


You were on level 8 of the Dungeon.
You worshipped Gozag.
Gozag was pleased with you.
You visited 1 branch of the dungeon, and saw 8 of its levels.

You collected 959 gold pieces.
You spent 36 gold pieces at shops.
You paid 28 gold pieces to Gozag.

Inventory:

Hand Weapons
 f - a +0 short sword of venom
 x - the +1 sling "Ogre's Bane" (weapon) {freeze, rElec rPois Str-3}
   (You found it on level 6 of the Dungeon)

   Any ammunition fired from it freezes those it strikes, dealing additional
   cold damage.
   It can also slow down cold-blooded creatures.
   Str:       It affects your strength (-3).
   rElec:     It insulates you from electricity.
   rPois:     It protects you from poison.
 B - a +0 shortbow
Missiles
 e - 17 poisoned darts
 j - 5 curare-tipped darts
 l - a throwing net
 H - 4 boomerangs of dispersal
Armour
 a - a +0 robe (worn)
 q - a +1 buckler (worn)
 v - a +2 helmet (worn)
 F - a +0 helmet
Magical Staves
 t - a staff of conjuration
Jewellery
 g - a +6 ring of dexterity (left hand)
 k - a ring of ice (right hand)
 m - a ring of ice
 z - a +6 ring of intelligence
 C - a +4 ring of evasion
 E - a +4 ring of evasion
Wands
 d - a wand of polymorph (2)
 D - a wand of roots (6)
 G - a wand of quicksilver (9)
Scrolls
 h - a scroll of teleportation
 o - a scroll of poison
 u - a scroll of immolation {unknown}
 y - 2 scrolls of amnesia
 A - a scroll of magic mapping
Potions
 b - a potion of magic
 i - a potion of flight {unknown}
 n - a potion of ambrosia
 p - a potion of mutation {unknown}
 r - 5 potions of curing
 s - a potion of invisibility {unknown}
 w - a potion of haste {unknown}


   Skills:
 + Level 5.9 Ranged Weapons
 - Level 5.1 Dodging
 - Level 5.5 Stealth
 + Level 9.3 Spellcasting
 + Level 5.9 Summonings
 + Level 8.6 Ice Magic


You had 15 spell levels left.
You knew the following spells:

 Your Spells              Type           Power      Damage    Failure   Level
a - Freeze                Ice            100%       1d10      1%          1
b - Frozen Ramparts       Ice            100%       1d16      1%          3
c - Ozocubu's Armour      Ice            70%        N/A       1%          3
d - Summon Ice Beast      Ice/Summ       64%        N/A       3%          4

Your spell library contained the following spells:

 Spells                   Type           Power      Damage    Failure   Level
 Summon Small Mammal      Summ           100%       N/A       1%          1
 Apportation              Tloc           22%        N/A       8%          1
 Necrotise                Necr           44%        1d6       8%          1
 Sandblast                Erth           22%        2d7       8%          1
 Passwall                 Tmut/Erth      9%         N/A       11%         2
 Stone Arrow              Conj/Erth      22%        3d8       22%         3
 Vampiric Draining        Necr           11%        2d6       22%         3
 Agony                    Necr           11%        N/A       90%         5
 Iskenderun's Battlesphe  Conj           11%        2d7       90%         5
 Iron Shot                Conj/Erth      5%         9d2       100%        6
 Spellforged Servitor     Conj/Summ      13%        N/A       100%        7


Dungeon Overview and Level Annotations

Branches:
Dungeon (8/15)             Temple (0/1) D:4
   Lair: D:8-11

Altars:
Elyvilon
Fedhas
Gozag
Uskayaw
Yredelemnul

Shops:
D:6 (

Annotations:
D:8 Maggie


Message History

The orc is no longer distracted by gold.
The orc is heavily wounded.
The wall freezes the orc warrior!
You kill the orc warrior!
You shoot a sling bullet. The sling bullet hits the orc.
The sling bullet freezes the orc.
You kill the orc!
An acid dragon comes into view.
Unknown command.
You shoot a sling bullet. The acid dragon roars!
The sling bullet hits the orc but does no damage.
The wall freezes the orc.
You shoot a sling bullet. The sling bullet hits the orc.
The sling bullet freezes the orc.
You kill the orc!
The acid dragon spits acid at you. The splash of acid misses you.
Unknown command.
You shoot a sling bullet.
The sling bullet hits the acid dragon but does no damage.
The acid dragon spits acid at you. The splash of acid hits you!!
The acid corrodes you!
You shoot a sling bullet.
The sling bullet closely misses the acid dragon.
Unknown command.
You shoot a sling bullet.
The sling bullet hits the acid dragon but does no damage.
You shoot a sling bullet.
The sling bullet hits the acid dragon but does no damage.
The acid dragon spits acid at you. The splash of acid hits you!!
* * * LOW HITPOINT WARNING * * *
The acid corrodes you!
Unknown command.
You feel better. The acid dragon spits acid at you.
The splash of acid hits you!
You die...
Your body crumbles into a pile of gold.

.##..#.......#.#
.....#...#...#.# ....
..#..........#.# ....
..###......#.#.# .....
.......#!....#.### .....
........................$
...........#.#.###$.....
..#.............#$..#
....######.#.#..@$D.#
..).#....#.#.#.##...#
....#......#.#.........?
....####.###....##..##..
.....#........... ..# ?
.....#.##.##....###.#
#...
..........##........#
#.#..#..
...[.#.#.)######....#
#.#..#.. ..)..#.#..#
#.... #.#..#..


You could see an acid dragon (catching breath).

Vanquished Creatures
  Psyche (D:8)
  Sigmund (D:6)
  Duvessa (D:7)
  2 orc warriors
  3 ogres
  2 centaurs
  A phantom (D:6)
  A kobold brigand (D:7)
  A bullfrog (D:7)
  3 necrophages
  2 scorpions
  Dowan (D:7)
  5 killer bees (D:8)
  A vampire bat (D:6)
  5 hounds
  2 orc priests
  3 jellies
  A gnoll bouda (D:4)
  3 iguanas
  Natasha (thrice) (D:3)
  5 orc wizards
  Robin (D:3)
  14 gnolls
  10 adders
  A shadow imp (D:7)
  A white imp (D:7)
  2 ufetubi (D:5)
  A worm (D:2)
  A dart slug (D:1)
  20 orcs
  7 endoplasms
  2 giant cockroaches
  10 goblins
  10 hobgoblins
  14 kobolds
  3 quokkas
  8 bats
  A frilled lizard (D:1)
  4 rats
157 creatures vanquished.

Notes
Turn   | Place    | Note
-------+----------+-------------------------------------------
     0 | D:1      | Zonian the Deep Elf Ice Elementalist began the quest for
                  | the Orb.
     0 | D:1      | Reached XP level 1. HP: 10/10 MP: 6/6
   281 | D:1      | Reached XP level 2. HP: 10/15 MP: 2/8
  1280 | D:2      | Reached XP level 3. HP: 16/19 MP: 7/10
  1895 | D:3      | Noticed Robin
  1904 | D:2      | Reached XP level 4. HP: 17/24 MP: 9/11
  2221 | D:3      | Reached skill level 4 in Spellcasting
  2221 | D:3      | Reached skill level 5 in Ice Magic
  2656 | D:3      | Noticed Natasha
  2674 | D:3      | Killed Robin
  2939 | D:3      | Found an opulent altar of Gozag.
  2984 | D:3      | Reached XP level 5. HP: 26/28 MP: 10/13
  3061 | D:3      | Learned a level 3 spell: Frozen Ramparts
  3065 | D:3      | Learned a level 3 spell: Ozocubu's Armour
  3186 | D:3      | Became a worshipper of Gozag Ym Sagoz the Greedy
  3232 | D:3      | Killed Natasha
  3373 | D:3      | Noticed Natasha
  3408 | D:3      | Killed Natasha
  3873 | D:3      | Noticed Natasha
  3904 | D:3      | Killed Natasha
  4242 | D:4      | Noticed an ogre
  4292 | D:4      | Found a staircase to the Ecumenical Temple.
  4352 | D:4      | Reached XP level 6. HP: 21/32 MP: 11/15
  4582 | D:4      | Reached skill level 5 in Spellcasting
  4864 | D:4      | Learned a level 4 spell: Summon Ice Beast
  5241 | D:4      | Reached skill level 5 in Stealth
  5765 | D:5      | Entered Level 5 of the Dungeon
  5809 | D:5      | Reached skill level 5 in Dodging
  6003 | D:5      | Reached XP level 7. HP: 36/36 MP: 17/17
  6287 | D:5      | Found a basalt altar of Yredelemnul.
  6345 | D:5      | Reached skill level 6 in Spellcasting
  6345 | D:5      | Reached skill level 1 in Summonings
  6558 | D:5      | Found a blossoming altar of Fedhas.
  6997 | D:6      | Noticed a +0 dagger
  6997 | D:6      | Noticed a +0 hand axe
  6998 | D:6      | Found a hide-covered altar of Uskayaw.
  7242 | D:6      | Found Huhesury's Weapon Emporium.
  7249 | D:6      | Bought a throwing net for 36 gold pieces
  7268 | D:6      | Noticed Sigmund
  7407 | D:6      | Killed Sigmund
  7408 | D:6      | Reached XP level 8. HP: 41/41 MP: 15/20
  7418 | D:6      | Identified the +1 sling "Ogre's Bane" {freeze, rElec rPois
                  | Str-3}
  7622 | D:6      | Reached skill level 7 in Spellcasting
  7707 | D:6      | Reached skill level 1 in Ranged Weapons
  8954 | D:6      | Reached skill level 8 in Spellcasting
  9353 | D:7      | Noticed Duvessa
  9353 | D:7      | Noticed Dowan
  9700 | D:7      | Killed Duvessa
  9701 | D:7      | Reached XP level 9. HP: 23/45 MP: 20/23
  9713 | D:7      | Killed Dowan
 10171 | D:7      | Reached skill level 5 in Summonings
 10221 | D:7      | Found a white marble altar of Elyvilon.
 10835 | D:8      | Reached skill level 5 in Ranged Weapons
 10913 | D:8      | Noticed Maggie
 10930 | D:8      | Noticed Psyche
 11126 | D:8      | Killed Psyche
 11127 | D:8      | Reached skill level 9 in Spellcasting
 11244 | D:8      | HP: 2/45 [acid dragon/splash of acid (22)]
 11245 | D:8      | Killed from afar by an acid dragon

Illustrated notes

Levels and vault maps discovered:
D:1:      minmay_arrival_split_and_join, layout_loops_ring
D:2:      layout_basic
D:3:      layout_rooms, nicolae_gozag_cash_rules_everything_around_me,
          kennysheep_minor_cross, uniq_natasha, uniq_robin
D:4:      layout_layer_cave, minmay_temple_entry_sparse_star
D:5:      layout_loops_ring, fedhas_altar_fruit_tree,
          mainiacjoe_overflow_small_starburst, dk_noncrumbling_2
D:6:      layout_rooms, dancing_weapons_uskayaw, serial_shops,
          nicolae_shop_bloodbath_and_beyond, roderic_batcave,
          hangedman_decor_diamond_cutter, minivault_1, uniq_sigmund
D:7:      layout_gridville, lemuel_doored_altar, uniq_duvessa
D:8:      layout_basic, nicolae_ossuary_entry_monument, uniq_maggie, uniq_psyche

Skill      XL: |  1  2  3  4  5  6  7  8  9 |
---------------+----------------------------+-----
Stealth        | 3 4 5 |  5.5
Dodging        | 3 4 5 |  5.1
Spellcasting   | 4 5 6 8 9 |  9.3
Ice Magic      | 5 6 8 |  8.6
Summonings     | 2 4 5 |  5.9
Ranged Weapons | 4 5 |  5.9

Action                   |  1- 3 |  4- 6 |  7- 9 || total
-------------------------+-------+-------+-------++-------
Melee: Short sword       |    23 |    90 |   176 ||   289
 Fire: Sling             |       |       |   142 ||   142
 Cast: Freeze            |    26 |    28 |    15 ||    69
       Frozen Ramparts   |       |     4 |    18 ||    22
       Ozocubu's Armour  |       |     1 |     4 ||     5
Evoke: Wand              |       |       |     2 ||     2
  Use: Scroll            |     1 |    10 |     7 ||    18
       Potion            |       |       |     5 ||     5
 Stab: Sleeping          |     9 |     6 |     4 ||    19
       Distracted        |       |     1 |       ||     1
Armor: Robe              |    13 |    12 |    61 ||    86
Dodge: Dodged            |    17 |    68 |   189 ||   274
Block: Buckler           |       |    24 |    63 ||    87

Table legend: (Time is in decaauts)
 A = Elapsed time spent in this place.
 B = Non-inter-level travel time spent in this place.
 C = Inter-level travel time spent in this place.
 D = Time resting spent in this place.
 E = Time spent auto-exploring this place.
 F = Levels seen in this place.
 G = Mean time per level.
                   A        B        C        D        E       F      G
               +--------+--------+--------+--------+--------+-----+--------+
         Total |  11299 |  11007 |    292 |   4820 |   3987 |   8 | 1412.4 |
       Dungeon |  11299 |  11007 |    292 |   4820 |   3987 |   8 | 1412.4 |
               +--------+--------+--------+--------+--------+-----+--------+

Top non-repeatable levels by time:
     D:6: 2160 daAuts
     D:3: 1916 daAuts
     D:7: 1517 daAuts
     D:4: 1487 daAuts
     D:2: 1359 daAuts
     D:5: 1234 daAuts
     D:1: 1014 daAuts
     D:8: 608 daAuts
